PCL
MEXICO CITY CERVECEROS @ CALGARY COWBOYS
07/27/2024
 
TOP OF THE 1ST
Mexico City Cerveceros batting - Pitching for Calgary Cowboys : RHP Eric Bell
Pitching: RHP Eric Bell
Batting: RHB Henning Huisman 0-0: Ball
1-0: Called Strike
1-1: Foul Ball, location: 2F
1-2: Ball
2-2: Fly out, F3 (Popup, 3SF)
Batting: RHB Tae-kwon Kwon 0-0: Ball
1-0: Called Strike
1-1: Ball
2-1: Foul Ball, location: 2F
2-2: Foul Ball, location: 2F
2-2: Foul Ball, location: 2F
2-2: Ball
3-2: SINGLE (Groundball, 56D)
Batting: LHB Luka Lagerweij 0-0: Ball
1-0: Swinging Strike
1-1: Ball
2-1: Ball
3-1: Base on Balls
Tae-kwon Kwon to second
Batting: LHB Brandon Cummings 0-0: Called Strike
0-1: Ball
1-1: Foul Ball, location: 2F
1-2: SINGLE (Groundball, 34D)
Tae-kwon Kwon to third
Luka Lagerweij to second
Batting: RHB Iván Gonzáles 0-0: Ball
1-0: Ball
2-0: Called Strike
2-1: Swinging Strike
2-2: Ground out 5-3 (Groundball, 56S)
Tae-kwon Kwon scores
Luka Lagerweij to third
Brandon Cummings to second
Batting: RHB Reynold Akker 0-0: Swinging Strike
0-1: SINGLE (Flyball, 7LM)
Luka Lagerweij scores
Brandon Cummings to third
Runner from 3rd tries for Home, SAFE, no throw or cutoff
Batting: LHB Kevin Beasley 0-0: Foul Ball, location: 2F
0-1: Ball
1-1: Ball
2-1: Ground out 5-3 (Groundball, 56S)
Top of the 1st over - 3 run(s), 3 hit(s), 0 error(s), 1 left on base; Mexico City 3 - Calgary 0
BOTTOM OF THE 1ST
Calgary Cowboys batting - Pitching for Mexico City Cerveceros : RHP Leonard Lewis
Pitching: RHP Leonard Lewis
Batting: RHB Clark Hodge 0-0: SINGLE (Groundball, 6MD)
Batting: RHB Mike Wilcox 0-0: Ball
1-0: Ball
2-0: Ball
Clark Hodge steals 2nd base
3-0: Called Strike
3-1: Swinging Strike
3-2: Strikes out swinging
Batting: RHB Dan Wyatt 0-0: Called Strike
0-1: Swinging Strike
0-2: Ball
1-2: Strikes out swinging
Batting: RHB Cristián Peña 0-0: Fly out, F8 (Flyball, 8RD)
Bottom of the 1st over - 0 run(s), 1 hit(s), 0 error(s), 1 left on base; Mexico City 3 - Calgary 0
TOP OF THE 2ND
Mexico City Cerveceros batting - Pitching for Calgary Cowboys : RHP Eric Bell
Batting: RHB Arthur Dumais 0-0: Called Strike
0-1: Ball
1-1: Ground out 5-3 (Groundball, 56)
Batting: RHB Naomi Kitamura 0-0: Called Strike
0-1: Swinging Strike
0-2: Strikes out swinging
Batting: RHB Henning Huisman 0-0: Called Strike
0-1: Ball
1-1: Swinging Strike
1-2: Ball
2-2: Ball
3-2: Strikes out swinging
Top of the 2nd over - 0 run(s), 0 hit(s), 0 error(s), 0 left on base; Mexico City 3 - Calgary 0
BOTTOM OF THE 2ND
Calgary Cowboys batting - Pitching for Mexico City Cerveceros : RHP Leonard Lewis
Batting: RHB Ramón Martínez 0-0: Fly out, F9 (Flyball, 89M)
Batting: RHB Mario Sánchez 0-0: Ball
1-0: Swinging Strike
1-1: Fly out, F7 (Flyball, 78M)
Batting: LHB Freddy Herrera 0-0: Ball
1-0: Foul Ball, location: 2F
1-1: Ball
2-1: Foul Ball, location: 2F
2-2: Ball
3-2: Foul Ball, location: 2F
3-2: Foul Ball, location: 2F
3-2: Base on Balls
Batting: RHB Jesús Hernández 0-0: Foul Ball, location: 2F
0-1: Ball
1-1: Ball
2-1: Ball
3-1: Foul Ball, location: 2F
3-2: Base on Balls
Freddy Herrera to second
Batting: RHB Tom Yarbrough 0-0: Called Strike
0-1: Foul Ball, location: 2F
0-2: Ball
1-2: Ball
2-2: Ball
3-2: Hit by Pitch
Freddy Herrera to third
Jesús Hernández to second
Batting: RHB Clark Hodge 0-0: Ball
1-0: Called Strike
1-1: Swinging Strike
1-2: Ball
2-2: Strikes out looking
Bottom of the 2nd over - 0 run(s), 0 hit(s), 0 error(s), 3 left on base; Mexico City 3 - Calgary 0
TOP OF THE 3RD
Mexico City Cerveceros batting - Pitching for Calgary Cowboys : RHP Eric Bell
Batting: RHB Tae-kwon Kwon 0-0: Ball
1-0: Called Strike
1-1: Swinging Strike
1-2: Ball
2-2: Ball
3-2: Base on Balls
Batting: LHB Luka Lagerweij 0-0: Called Strike
0-1: Swinging Strike
0-2: Fly out, F8 (Flyball, 8RD)
Batting: LHB Brandon Cummings 0-0: Ball
1-0: Ball
2-0: Called Strike
2-1: Fly out, F9 (Flyball, 9D)
Batting: RHB Iván Gonzáles 0-0: Ball
1-0: Swinging Strike
1-1: Foul Ball, location: 2F
Pickoff Throw to First - Error! E1
Tae-kwon Kwon to second
1-2: Ball
2-2: Ground out 1-3 (Groundball, 13S)
Top of the 3rd over - 0 run(s), 0 hit(s), 1 error(s), 1 left on base; Mexico City 3 - Calgary 0
BOTTOM OF THE 3RD
Calgary Cowboys batting - Pitching for Mexico City Cerveceros : RHP Leonard Lewis
Batting: RHB Mike Wilcox 0-0: Ball
1-0: Ground out 6-3 (Groundball, 6)
Batting: RHB Dan Wyatt 0-0: Foul Ball, location: 2F
0-1: Ball
1-1: Fly out, F3 (Popup, 23)
Batting: RHB Cristián Peña 0-0: Ground out 6-3 (Groundball, 6)
Bottom of the 3rd over - 0 run(s), 0 hit(s), 0 error(s), 0 left on base; Mexico City 3 - Calgary 0
TOP OF THE 4TH
Mexico City Cerveceros batting - Pitching for Calgary Cowboys : RHP Eric Bell
Batting: RHB Reynold Akker 0-0: Foul Ball, location: 2F
0-1: Ball
1-1: Fly out, F9 (Flyball, 9LS)
Batting: LHB Kevin Beasley 0-0: Ball
1-0: SINGLE (Flyball, 78S)
Batting: RHB Arthur Dumais 0-0: Called Strike
0-1: Foul Ball, location: 2F
0-2: Ball
1-2: Ball
2-2: Ball
3-2: Base on Balls
Kevin Beasley to second
Batting: RHB Naomi Kitamura 0-0: Ball
1-0: Ball
2-0: Foul Ball, location: 2F
2-1: Foul Ball, location: 2F
2-2: Strikes out swinging
Batting: RHB Henning Huisman 0-0: Called Strike
0-1: Fly out, F8 (Line Drive, 8RM)
Top of the 4th over - 0 run(s), 1 hit(s), 0 error(s), 2 left on base; Mexico City 3 - Calgary 0
BOTTOM OF THE 4TH
Calgary Cowboys batting - Pitching for Mexico City Cerveceros : RHP Leonard Lewis
Batting: RHB Ramón Martínez 0-0: Ball
1-0: Foul Ball, location: 2F
1-1: Ball
2-1: Called Strike
2-2: Ball
3-2: Base on Balls
Batting: RHB Mario Sánchez 0-0: Ball
1-0: Foul Ball, location: 2F
1-1: Ball
Wild Pitch!
Ramón Martínez to second
2-1: Foul Ball, location: 2F
2-2: Ball
3-2: Base on Balls
Batting: LHB Freddy Herrera 0-0: Fly out, F8 (Flyball, 8RD)
Runner from 2nd tags up, SAFE at 3rd, no throw
Batting: RHB Jesús Hernández 0-0: Ball
1-0: Called Strike
Mario Sánchez steals 2nd base
1-1: Fly out, F9 (Flyball, 9M)
Runner from 3rd tags up, OUT at HOME
Bottom of the 4th over - 0 run(s), 0 hit(s), 0 error(s), 1 left on base; Mexico City 3 - Calgary 0
TOP OF THE 5TH
Mexico City Cerveceros batting - Pitching for Calgary Cowboys : RHP Eric Bell
Batting: RHB Tae-kwon Kwon 0-0: Ball
1-0: Ball
2-0: Called Strike
2-1: Called Strike
2-2: Ball
3-2: Ground out 5-3 (Groundball, 5L)
Batting: LHB Luka Lagerweij 0-0: Ball
1-0: Ball
2-0: Foul Ball, location: 2F
2-1: Ball
3-1: Base on Balls
Batting: LHB Brandon Cummings 0-0: Ball
1-0: Foul Ball, location: 2F
1-1: Called Strike
1-2: Foul Ball, location: 2F
1-2: Ball
2-2: Fly out, F6 (Popup, 56)
Batting: RHB Iván Gonzáles 0-0: Called Strike
0-1: Swinging Strike
0-2: Ball
1-2: Strikes out swinging
Top of the 5th over - 0 run(s), 0 hit(s), 0 error(s), 1 left on base; Mexico City 3 - Calgary 0
BOTTOM OF THE 5TH
Calgary Cowboys batting - Pitching for Mexico City Cerveceros : RHP Leonard Lewis
Batting: RHB Tom Yarbrough 0-0: Called Strike
0-1: Swinging Strike
0-2: Ball
1-2: Ball
2-2: Ball
3-2: Strikes out swinging
Batting: RHB Clark Hodge 0-0: Ball
1-0: Ball
2-0: Ball
3-0: Called Strike
3-1: Foul Ball, location: 2F
3-2: Ground out 1-3 (Groundball, 13S)
Batting: RHB Mike Wilcox 0-0: Called Strike
0-1: Ball
1-1: SINGLE (Groundball, 4M)
Batting: RHB Dan Wyatt 0-0: Ball
Mike Wilcox is caught stealing 2nd base
Bottom of the 5th over - 0 run(s), 1 hit(s), 0 error(s), 0 left on base; Mexico City 3 - Calgary 0
TOP OF THE 6TH
Mexico City Cerveceros batting - Pitching for Calgary Cowboys : RHP Eric Bell
Pitching: LHP Takayuki Ine
Batting: RHB Reynold Akker 0-0: Fly out, F9 (Flyball, 9LM)
Batting: LHB Kevin Beasley 0-0: Ball
1-0: Called Strike
1-1: Ball
2-1: Fly out, F3 (Popup, 3SF)
Batting: RHB Arthur Dumais 0-0: Ball
1-0: Ball
2-0: Fly out, F7 (Line Drive, 78S)
Top of the 6th over - 0 run(s), 0 hit(s), 0 error(s), 0 left on base; Mexico City 3 - Calgary 0
BOTTOM OF THE 6TH
Calgary Cowboys batting - Pitching for Mexico City Cerveceros : RHP Leonard Lewis
Batting: RHB Dan Wyatt 0-0: Ball
1-0: Ball
2-0: SINGLE (Line Drive, 6MD)
Batting: RHB Cristián Peña 0-0: Fly out, F8 (Flyball, 8LD)
Batting: RHB Ramón Martínez 0-0: Called Strike
0-1: SINGLE (Line Drive, 56D)
Dan Wyatt to second
Batting: RHB Mario Sánchez 0-0: Ball
1-0: Ball
2-0: SINGLE (Groundball, 34S)
Dan Wyatt to third
Ramón Martínez to second
Runner from 3rd tries for Home, SAFE, throw made home
Ramón Martínez to third
Mario Sánchez to second
Batting: LHB Freddy Herrera 0-0: Ball
1-0: Ball
2-0: Swinging Strike
2-1: Ball
3-1: Base on Balls
Batting: RHB Jesús Hernández 0-0: Called Strike
0-1: Foul Ball, location: 2F
0-2: Strikes out swinging
Batting: RHB Tom Yarbrough 0-0: Called Strike
0-1: Ball
1-1: Foul Ball, location: 2F
1-2: Fly out, F9 (Flyball, 9M)
Bottom of the 6th over - 1 run(s), 3 hit(s), 0 error(s), 3 left on base; Mexico City 3 - Calgary 1
TOP OF THE 7TH
Mexico City Cerveceros batting - Pitching for Calgary Cowboys : LHP Takayuki Ine
Batting: RHB Naomi Kitamura 0-0: Called Strike
0-1: Foul Ball, location: 2F
0-2: Ball
1-2: Fly out, F9 (Flyball, 9S)
Batting: RHB Henning Huisman 0-0: Called Strike
0-1: Ball
1-1: Foul Ball, location: 2F
1-2: Strikes out swinging
Batting: RHB Tae-kwon Kwon 0-0: Called Strike
0-1: Fly out, F3 (Popup, 3S)
Top of the 7th over - 0 run(s), 0 hit(s), 0 error(s), 0 left on base; Mexico City 3 - Calgary 1
BOTTOM OF THE 7TH
Calgary Cowboys batting - Pitching for Mexico City Cerveceros : RHP Leonard Lewis
Pitching: RHP Glen Brewer
Batting: RHB Clark Hodge 0-0: Ball
1-0: Called Strike
1-1: Called Strike
1-2: Strikes out looking
Batting: RHB Mike Wilcox 0-0: Ball
1-0: SINGLE (Line Drive, 78S)
Batting: RHB Dan Wyatt 0-0: Ball
1-0: Called Strike
Mike Wilcox steals 2nd base
1-1: Ball
2-1: Ball
3-1: Called Strike
3-2: SINGLE (Line Drive, 8LS)
Mike Wilcox to third
Batting: RHB Cristián Peña 0-0: DOUBLE (Flyball, 89D)
Mike Wilcox scores
Dan Wyatt to third
Batting: RHB Ramón Martínez 0-0: Ball
1-0: Ball
2-0: Ball
3-0: SINGLE (Line Drive, 6D)
Dan Wyatt scores
Cristián Peña to third
Batting: RHB Mario Sánchez 0-0: Ball
Ramón Martínez steals 2nd base
1-0: Foul Ball, location: 2F
1-1: Called Strike
1-2: Foul Ball, location: 2F
1-2: Foul Ball, location: 2F
1-2: Ball
2-2: Strikes out looking
Batting: LHB Freddy Herrera 0-0: DOUBLE (Line Drive, 7LM)
Cristián Peña scores
Ramón Martínez scores
Pitching: RHP Troy Hawkins
Batting: RHB Jesús Hernández 0-0: Foul Ball, location: 2F
0-1: Foul Ball, location: 2F
0-2: Ball
1-2: Ball
2-2: Foul Ball, location: 2F
2-2: Strikes out swinging
Bottom of the 7th over - 4 run(s), 5 hit(s), 0 error(s), 1 left on base; Mexico City 3 - Calgary 5
TOP OF THE 8TH
Mexico City Cerveceros batting - Pitching for Calgary Cowboys : LHP Takayuki Ine
Batting: LHB Luka Lagerweij 0-0: Ball
1-0: Foul Ball, location: 2F
1-1: Swinging Strike
1-2: Strikes out swinging
Batting: LHB Brandon Cummings 0-0: Ball
1-0: Fly out, F9 (Line Drive, 89S)
Batting: RHB Iván Gonzáles 0-0: Ball
1-0: Called Strike
1-1: Foul Ball, location: 2F
1-2: Ball
2-2: TRIPLE (Flyball, 8LXD)
Pitching: LHP Alfredo Durán
Batting: RHB Reynold Akker 0-0: Ball
1-0: Ball
2-0: Called Strike
2-1: SINGLE (Groundball, 56)
Iván Gonzáles scores
Batting: LHB Kevin Beasley 0-0: Foul Ball, location: 2F
0-1: Ball
1-1: Foul Ball, location: 2F
1-2: Ball
2-2: SINGLE (Groundball, 6MD)
Reynold Akker to second
Runner from 2nd tries for 3rd, SAFE, throw made to third
Pitching: RHP Mitsunari Jouda
Pinch Hitting: RHB Dave Morgan 0-0: Ball
1-0: Ball
2-0: Ball
3-0: Base on Balls
Kevin Beasley to second
Pinch Hitting: RHB Dennis Stephenson 0-0: Foul Ball, location: 2F
0-1: Swinging Strike
0-2: Ball
1-2: Fly out, F7 (Flyball, 78XD)
Top of the 8th over - 1 run(s), 3 hit(s), 0 error(s), 3 left on base; Mexico City 4 - Calgary 5
BOTTOM OF THE 8TH
Calgary Cowboys batting - Pitching for Mexico City Cerveceros : RHP Troy Hawkins
Now at 2B: Ernesto Jiménez
Now at SS: Ricardo Márquez
Batting: RHB Tom Yarbrough 0-0: Swinging Strike
0-1: Swinging Strike
0-2: Ball
1-2: Foul Ball, location: 2F
1-2: Strikes out swinging
Batting: RHB Clark Hodge 0-0: Ball
1-0: Swinging Strike
1-1: Fly out, F8 (Flyball, 8LS)
Batting: RHB Mike Wilcox 0-0: Called Strike
0-1: Foul Ball, location: 2F
0-2: Ground out 1-3 (Groundball, 13S)
Bottom of the 8th over - 0 run(s), 0 hit(s), 0 error(s), 0 left on base; Mexico City 4 - Calgary 5
TOP OF THE 9TH
Mexico City Cerveceros batting - Pitching for Calgary Cowboys : RHP Mitsunari Jouda
Pitching: RHP Tatsuzo Harada
Pinch Hitting: RHB Robert Johnson 0-0: Called Strike
0-1: Ball
1-1: Foul Ball, location: 2F
1-2: Ball
2-2: Strikes out swinging
Batting: RHB Tae-kwon Kwon 0-0: Ball
1-0: Foul Ball, location: 2F
1-1: Called Strike
1-2: Strikes out looking
Batting: LHB Luka Lagerweij 0-0: Called Strike
0-1: Called Strike
0-2: Ball
1-2: Strikes out looking
Top of the 9th over - 0 run(s), 0 hit(s), 0 error(s), 0 left on base; Mexico City 4 - Calgary 5
This league is powered by Out of the Park Baseball, the baseball management simulation game for PC, Mac and Linux
Saturday, April 9th, 2016 - OOTP Baseball 16.8 Build 38